Map: Neon Violet Square LE

Players

fruitcake - Winner!

  • Race: Terran Terran
  • Spawn Location: 11:00

A.I. 1 (Easy)

  • Race: Protoss Protoss
  • Spawn Location: 5:00

VOD

Have the link to the VOD?

Description

Time

  • Played on: May 5, 2018, 12:28 p.m.
  • Length: 5:45
Show
View Real Time Build Order
Export as new Build Order

fruitcake Terran - Winner!

Build Orders:  

Get SALT Encoding   

  12  0:01  SCV  
  13  0:13  SCV  
  14  0:21  Supply Depot  
  14  0:25  SCV  
  16  0:42  SCV  
  16  0:47  Barracks  
  16  0:50  Refinery  
  16  0:55  SCV  
  17  1:07  SCV  
  17  1:10  Supply Depot  
  18  1:19  SCV  
  18  1:23  Engineering Bay  
  19  1:31  SCV  
  20  1:34  Marine  
  21  1:52  Marine  
  21  1:53  Barracks  
  22  2:09  Marine  
  23  2:20  Command Center  
  23  2:27  Marine  
  24  2:32  SCV  
  24  2:35  Terran Infantry Weapons Level 1  
  25  2:45  Marine  
  25  2:49  Orbital Command  
  26  2:58  Barracks Reactor  
  26  3:03  Marine  
  27  3:07  Supply Depot  
  27  3:14  SCV  
  28  3:21  Marine  
  28  3:26  SCV  
  30  3:33  SCV  
  31  3:38  SCV, Marine x3  
  35  3:45  SCV  
  36  3:50  SCV  
  37  3:56  Marine x3  
  37  3:57  SCV  
  37  4:02  SCV, Barracks  
  42  4:09  SCV  
  43  4:14  Marine x3  
  46  4:32  Marine x3  
  46  4:37  SCV  
  50  4:49  SCV  
  50  4:50  Marine x3  
  50  5:00  Marine  
  50  5:01  SCV  
  52  5:07  Marine x2  
  52  5:08  Marine  
  53  5:18  Marine  
Show
View Real Time Build Order
Export as new Build Order

A.I. 1 (Easy) Protoss 

Build Orders:  

Get SALT Encoding   

  12  0:00  Probe  
  13  0:13  Probe  
  14  0:21  Pylon  
  14  0:25  Probe  
  15  0:35  Probe  
  16  0:44  Assimilator  
  16  0:50  Gateway  
  16  0:53  Pylon  
  16  1:18  Assimilator  
  16  1:31  Zealot  
  16  1:39  Cybernetics Core  
  16  1:46  Probe  
  19  1:58  Pylon  
  19  1:59  Probe  
  19  2:07  Warp Gate, Probe  
  21  2:16  Adept  
  21  2:17  Probe  
  24  2:29  Probe  
  25  2:41  Probe  
  25  2:43  Adept  
  28  3:10  Stalker  
  30  4:52  Zealot  
  26  5:04  Probe  
  23  5:07  Zealot  
  19  5:16  Probe  
  15  5:21  Zealot  
  13  5:28  Probe  
  4  5:36  Zealot  
Tags
 
Add a new tag
Caveats
  • Supply blocks, unpowered buildings, or Contaminate may cause inaccurate times.
  • Supply counts are checked every 10 seconds.